 Dungeon Crawl Stone Soup version 0.30-a0-297-g0ec75d9ef4 (webtiles) character file.

Game seed: 9410634985856104627

154 scionoferis the Trooper (level 5, -4/41 HPs)
             Began as a Human Hexslinger on Oct 18, 2022.
             Slain by a river rat (7 damage)
             ... in a sewer.
             The game lasted 00:06:46 (1761 turns).

scionoferis the Trooper (Human Hexslinger)          Turns: 1761, Time: 00:06:46

Health: -4/41      AC:  2    Str: 10    XL:     5   Next: 62%
Magic:  0/6        EV: 17    Int: 16    God:
Gold:   98         SH:  0    Dex: 13    Spells: 5/6 levels left

rFire   . . .      SeeInvis .    a - +0 long sword
rCold   . . .      Faith    .    (no shield)
rNeg    . . .      Spirit   +    c - +0 robe
rPois   .          Reflect  .    (no helmet)
rElec   .          Harm     .    (no cloak)
rCorr   .          Rampage  .    (no gloves)
Will    .....                    (no boots)
Stlth   +.........               m - amulet of guardian spirit
HPRegen 0.26/turn                d - ring of flight
MPRegen 0.10/turn                n - +4 ring of evasion

@: flying
A: no striking features
a: no special abilities


You were in a sewer.
You visited 1 branch of the dungeon, and saw 3 of its levels.
You also visited: Sewer.

You collected 98 gold pieces.

Inventory:

Hand Weapons
 a - a +0 long sword (weapon)
 b - a +1 sling
 k - a +0 trident
Armour
 c - a +0 robe (worn)
 j - a +0 helmet
 q - a +0 pair of boots
Jewellery
 d - a ring of flight (left hand)
 m - an amulet of guardian spirit (around neck)
 n - a +4 ring of evasion (right hand)
 o - a ring of fire
Scrolls
 h - a scroll of enchant weapon {unknown}
 i - 3 scrolls of amnesia {unknown}
 l - a scroll of teleportation {unknown}
 p - 2 scrolls of identify {unknown}
Potions
 r - a potion of berserk rage {unknown}


   Skills:
 * Level 3.6 Fighting
 - Level 2.0 Ranged Weapons
 + Level 2.1 Armour
 + Level 3.1 Dodging
 - Level 1.0 Spellcasting
 - Level 3.0 Hexes


You had 5 spell levels left.
You knew the following spells:

 Your Spells              Type           Power      Damage    Failure   Level
a - Slow                  Hex            40%        N/A       7%          1

Your spell library contained the following spells:

 Spells                   Type           Power      Damage    Failure   Level
 Necrotise                Necr           0%         1d4       22%         1
 Dazzling Flash           Conj/Hex       10%        N/A       36%         3
 Inner Flame              Hex/Fire       5%         N/A       36%         3
 Portal Projectile        Hex/Tloc       10%        N/A       36%         3
 Cause Fear               Hex            5%         N/A       54%         4
 Vampiric Draining        Necr           0%         2d6       56%         3
 Silence                  Hex/Air        2%         N/A       98%         5
 Agony                    Necr           0%         N/A       99%         5


Dungeon Overview and Level Annotations

Branches:
Dungeon (3/15)              Sewer (1/1)

Altars:

Annotations:
D:2 1 runed translucent door, Crazy Yiuf


Message History

You hit the river rat but do no damage.
The river rat is almost dead.
The river rat bites you but does no damage.
The river rat barely misses you.
You closely miss the river rat.
The river rat is almost dead.
The river rat barely misses you.
You barely miss the river rat.
The river rat is almost dead.
The river rat bites you but does no damage.
You closely miss the river rat.
The river rat is almost dead.
The river rat bites you but does no damage. x2
You slash the river rat!
You kill the river rat!
You barely miss the river rat.
The river rat bites you but does no damage. x2
You hit the river rat but do no damage. Your punch misses the river rat.
The river rat bites you but does no damage.
You hit the river rat.
The river rat is heavily wounded.
Your transformation is almost over.
The river rat bites you.
* * * LOW HITPOINT WARNING * * *
You completely miss the river rat.
The river rat is heavily wounded.
The river rat bites you.
* * * LOW HITPOINT WARNING * * *
The river rat bites you.
* * * LOW HITPOINT WARNING * * *
You completely miss the river rat.
The river rat is heavily wounded.
The river rat bites you.
* * * LOW HITPOINT WARNING * * *
It was a potion of cancellation.
Your magical effects are unravelling.
You feel magically purged.
You feel less wooden.
Your +0 robe unmelds from your body.
The river rat bites you!
You die... #################### ~~~~~~†@r...∩∩...... ####################

You could see a river rat.

Vanquished Creatures
  Robin (D:3)
  3 adders
  5 river rats
  4 worms (D:3)
  2 dart slugs (D:2)
  3 orcs (D:2)
  2 endoplasms (D:2)
  2 giant cockroaches
  8 goblins
  7 hobgoblins
  A quokka (D:1)
  2 ball pythons
  5 bats
  2 frilled lizards
  3 kobolds
  3 rats
53 creatures vanquished.

Vanquished Creatures (others)
  5 plants (D:1)
5 creatures vanquished.

Grand Total: 58 creatures vanquished

Notes
Turn   | Place    | Note
-------+----------+-------------------------------------------
     0 | D:1      | scionoferis the Human Hexslinger began the quest for the
                  | Orb.
     0 | D:1      | Reached XP level 1. HP: 15/15 MP: 2/2
   231 | D:1      | Reached XP level 2. HP: 17/21 MP: 3/3
   562 | D:2      | Reached XP level 3. HP: 27/27 MP: 4/4
   588 | D:2      | Reached skill level 1 in Armour
  1039 | D:2      | Found a runed translucent door.
  1040 | D:2      | Noticed Crazy Yiuf
  1158 | D:2      | Reached XP level 4. HP: 33/34 MP: 3/5
  1487 | D:3      | Noticed Robin
  1524 | D:3      | Killed Robin
  1577 | D:3      | Reached XP level 5. HP: 31/41 MP: 6/6
  1674 | D:3      | Found a glowing drain.
  1730 | Sewer    | Entered a sewer
  1761 | Sewer    | Slain by a river rat

Illustrated notes

Levels and vault maps discovered:
D:1:      roderic_crop_circles_arrival_small, layout_rooms
D:2:      layout_loops_ring, uniq_crazy_yiuf_cottage
D:3:      layout_basic, lightli_sewer_entry_pipes,
          ebering_ecumenical_altar_abandoned, reono_crystal_passage,
          uniq_terence, uniq_pargi, uniq_robin
Sewer:    sewer_kobolds

Skill      XL: |  1  2  3  4  5 |
---------------+----------------+-----
Fighting       | 2 3 |  3.6
Armour         | 1 2 |  2.1
Dodging        | 3 |  3.1
Ranged Weapons | |  2.0
Spellcasting   | |  1.0
Hexes          | |  3.0

Action                   |  1- 3 |  4- 6 || total
-------------------------+-------+-------++-------
Melee: Long sword        |    16 |    93 ||   109
       Punch             |       |     2 ||     2
 Fire: Sling             |   107 |    31 ||   138
 Cast: Slow              |     2 |     1 ||     3
  Use: Potion            |       |     4 ||     4
       Scroll            |       |     1 ||     1
Armor: Robe              |     4 |    11 ||    15
       Skin              |       |    13 ||    13
Dodge: Dodged            |    60 |    73 ||   133

Table legend: (Time is in decaauts)
 A = Elapsed time spent in this place.
 B = Non-inter-level travel time spent in this place.
 C = Inter-level travel time spent in this place.
 D = Time resting spent in this place.
 E = Time spent auto-exploring this place.
 F = Levels seen in this place.
 G = Mean time per level.
                   A        B        C        D        E       F      G
               +--------+--------+--------+--------+--------+-----+--------+
         Total |   1839 |   1771 |     68 |     68 |   1115 |   4 |  459.8 |
       Dungeon |   1799 |   1731 |     68 |     68 |   1115 |   3 |  599.7 |
         Sewer |     39 |     39 |      0 |      0 |      0 |   1 |   39.0 |
               +--------+--------+--------+--------+--------+-----+--------+

Top non-repeatable levels by time:
     D:2: 919 daAuts
     D:1: 524 daAuts
     D:3: 355 daAuts
   Sewer: 39 daAuts
